 Dungeon Crawl Stone Soup version 0.21.1-1-g345015f (webtiles) character file.

39 letownia2 the Poker (level 3, 0/27 HPs)
             Began as a Merfolk Skald on Mar 13, 2018.
             Slain by an adder (4 damage)
             ... on level 2 of the Dungeon.
             The game lasted 00:03:19 (561 turns).

letownia2 the Poker (Merfolk Skald)                  Turns: 561, Time: 00:03:20

Health: 0/27       AC:  3    Str: 11    XL:     3   Next: 45%
Magic:  5/6        EV: 12    Int: 13    God:
Gold:   44         SH:  0    Dex: 13    Spells: 0/6 levels left

rFire    . . .     SeeInvis .   a - +0 spear
rCold    . . .     Gourm    .   (no shield)
rNeg     . . .     Faith    .   b - +0 leather armour
rPois    .         Spirit   .   (no helmet)
rElec    .         Reflect  .   (no cloak)
rCorr    .         Harm     .   (no gloves)
MR       .....                  (no boots)
Stlth    +.........             (no amulet)
HPRegen  0.09/turn              (no ring)
MPRegen  0.10/turn              (no ring)

@: shrouded (expiring)
A: change form in water, swift swim, stealthy swim
a: no special abilities


You were on level 2 of the Dungeon.
You were not hungry.

You visited 1 branch of the dungeon, and saw 4 of its levels.

You collected 44 gold pieces.

Inventory:

Hand Weapons
 a - a +0 spear (weapon)
 i - a cursed -1 dagger
Missiles
 g - 23 poisoned needles
Armour
 b - a +0 leather armour (worn)
Scrolls
 e - a scroll of magic mapping {unknown}
 f - 2 scrolls of teleportation {unknown}
 j - a scroll of identify {unknown}
Potions
 h - a potion of flight {unknown}
Books
 c - a book of Battle

   Spells                             Type                      Level
   a - Infusion                       Charms                       1
   b - Shroud of Golubria             Charms/Translocation         2
   c - Song of Slaying                Charms                       2
   d - Spectral Weapon                Hexes/Charms                 3
   e - Regeneration                   Charms/Necromancy            3
Comestibles
 d - 2 rations


   Skills:
 - Level 2.1 Fighting
 - Level 4.0 Polearms
 - Level 0.6 Armour
 - Level 2.6 Dodging
 - Level 2.0 Spellcasting
 + Level 1.0 Hexes
 - Level 3.2 Charms
 - Level 1.5 Translocations


You couldn't memorise any spells.
You knew the following spells:

 Your Spells              Type           Power        Failure   Level  Hunger
a - Infusion              Chrm           #...         9%          1    ##.....
t - Shroud of Golubria    Chrm/Tloc      #.........   19%         2    ###....
x - Spectral Weapon       Hex/Chrm       #.......     38%         3    ####...


Dungeon Overview and Level Annotations

Branches:
Dungeon (4/15)
 Temple: D:4-7

Altars:
Sif Muna


Message History

You miss the adder.
The adder is almost dead.
The adder barely misses you.
Unknown command.
Unknown command.
Attack whom?
Press: ? - help, Dir - move target cursor, f/p - adder
Aim: an adder (almost dead)
You completely miss the adder.
The adder is almost dead.
The adder closely misses you.
Unknown command.
Unknown command.
Attack whom?
Press: ? - help, Dir - move target cursor, f/p - adder
Aim: an adder (almost dead)
You closely miss the adder.
The adder is almost dead.
The adder bites you.
You die...

#......# #.............'..._.≈≈
#......# #............##≈≈...≈≈
....######............# ≈≈≈≈≈≈≈
##.##.................###≈≈≈≈≈#
.#......................#######
.###......######.........# .#
#......# #.######### .#
#...#### #.# .# #...# #@# .#
##### #S# .# .w. .# ..... .#
....... .# ########. .# .. .#
.. .#


You could see a worm and an adder.

Vanquished Creatures
  2 adders (D:3)
  An ooze (D:1)
  A bat (D:1)
  2 giant cockroaches (D:1)
  2 goblins
  3 hobgoblins
  2 kobolds
  2 frilled lizards
  A rat (D:1)
16 creatures vanquished.

Notes
Turn   | Place    | Note
-------+----------+-------------------------------------------
     0 | D:1      | letownia2 the Merfolk Skald began the quest for the Orb.
     0 | D:1      | Reached XP level 1. HP: 16/16 MP: 3/3
   189 | D:2      | Reached skill level 4 in Polearms
   189 | D:2      | Reached XP level 2. HP: 22/22 MP: 5/5
   204 | D:2      | Learned a level 2 spell: Shroud of Golubria
   296 | D:3      | Reached skill level 1 in Translocations
   309 | D:3      | Reached XP level 3. HP: 9/27 MP: 1/6
   314 | D:3      | Learned a level 3 spell: Spectral Weapon
   461 | D:1      | Reached skill level 1 in Hexes
   537 | D:2      | Found a deep blue altar of Sif Muna.
   561 | D:2      | Slain by an adder

Skill      XL: |  1  2  3 |
---------------+----------+-----
Polearms       | 4 |  4.0
Translocations | 1 |  1.5
Hexes          | 1 |  1.0
Fighting       | |  2.1
Armour         | |  0.6
Dodging        | |  2.6
Spellcasting   | |  2.0
Charms         | |  3.2

Action                   || total
-------------------------++-------
Melee: Spear             ||    75
 Cast: Infusion          ||     3
       Shroud of Golubri ||    12
  Use: Potion            ||     1
Armor: Leather armour    ||    14
Dodge: Dodged            ||    31
